[Event "Team 45 45 League T51"]
[Site "Internet Chess Club"]
[Date "2012.01.08"]
[Round "8"]
[White "CoasterBrake"]
[Black "Macovitski"]
[Result "1-0"]
[WhiteElo "1132"]
[BlackElo "1051"]
[Opening "Scandinavian (center counter) defense"]
[ECO "B01"]
[Time "10:00:44"]
[TimeControl "2700+45"]

1. e4 d5 2. exd5 Qxd5 3. Nc3 Qa5 4. Nf3 c6 5. d4 Nf6 6. Bd2 Qc7 7. Bd3 Bg4 8.
O-O Nbd7 9. Ne4 Nxe4 10. Bxe4 e5 11. Be3 O-O-O 12. d5 cxd5 13. Qxd5 Nf6 14. Qxe5
Bd6 15. Bf5+ Kb8 16. Qb5 Bxf3 17. gxf3 Bxh2+ 18. Kg2 h5 19. Qc5 Qxc5 20. Bxc5
Be5 21. c3 h4 22. Rad1 g6 23. Bh3 Nd5 24. Be3 f5 25. Kh1 f4 26. Bd4 Bxd4 27.
Rxd4 g5 28. Rfd1 Nf6 29. Rxd8+ Rxd8 30. Rxd8+ Kc7 31. Rf8 Nd5 32. Rf5 g4 33.
fxg4 {Black resigns} 1-0

[Event "Team 45 45 League T51"]
[Site "Internet Chess Club"]
[Date "2012.01.08"]
[Round "8"]
[White "Uwak"]
[Black "rdmuhcu"]
[Result "1-0"]
[WhiteElo "2453"]
[BlackElo "2268"]
[Opening "Sicilian: Sveshnikov variation"]
[ECO "B33"]
[Time "10:03:37"]
[TimeControl "2700+45"]

1. e4 c5 2. Nf3 Nc6 3. d4 cxd4 4. Nxd4 Nf6 5. Nc3 e5 6. Ndb5 d6 7. Bg5 a6 8.
Bxf6 gxf6 9. Na3 b5 10. Nd5 f5 11. Bxb5 axb5 12. Nxb5 Ra7 13. Nxa7 Nxa7 14. exf5
Bxf5 15. O-O Bg7 16. a4 Nc6 17. c3 Ne7 18. a5 O-O 19. Re1 Nxd5 20. Qxd5 Be6 21.
Qc6 d5 22. a6 Qa8 23. Qxa8 Rxa8 24. b4 e4 25. b5 Bc8 26. Ra3 Bf8 27. Rb3 Bc5 28.
b6 Bxa6 29. Ra1 Kg7 30. Ra5 Bd6 31. g3 Kf6 32. Rb2 Bb7 33. Rxa8 Bxa8 34. b7 Bxb7
35. Rxb7 Be5 36. Rb3 Kf5 37. Kf1 h6 38. Ke2 Ke6 39. Rb6+ Kf5 40. Rc6 h5 41. f3
f6 42. f4 Bb8 43. Rb6 Ba7 44. Rd6 Bg1 45. Kf1 Bxh2 46. Kg2 e3 47. Rd8 e2 48. Re8
Kg4 49. Kxh2 Kf3 50. Kg1 Kxg3 51. Rxe2 Kxf4 52. Kf2 f5 53. Rd2 Ke4 54. Rd4+ Ke5
{Black resigns} 1-0

[Event "Team 45 45 League T51"]
[Site "Internet Chess Club"]
[Date "2012.01.09"]
[Round "8"]
[White "SlimeDog2"]
[Black "boknoy"]
[Result "1/2-1/2"]
[WhiteElo "2102"]
[BlackElo "1945"]
[Opening "QGD Slav: Wiesbaden variation"]
[ECO "D17"]
[Time "23:07:53"]
[TimeControl "2700+45"]

1. d4 d5 2. Nf3 c6 3. c4 Nf6 4. Nc3 dxc4 5. a4 Bf5 6. Ne5 e6 7. f3 Bb4 8. e4
Bxe4 9. fxe4 Nxe4 10. Bd2 Qxd4 11. Nxe4 Qxe4+ 12. Qe2 Bxd2+ 13. Kxd2 Qd5+ 14.
Kc2 Nd7 15. Nxd7 Qd3+ 16. Qxd3 cxd3+ 17. Bxd3 Kxd7 18. Rad1 Ke7 19. h4 Rad8 20.
Kc3 Rd5 21. Be4 Rxd1 22. Rxd1 f5 23. Bf3 e5 24. a5 e4 25. Be2 Rf8 26. Kd4 Kd6
27. b4 b6 28. g3 g6 29. Ke3+ Kc7 30. Bc4 Rf6 31. Kf4 Rd6 32. Rxd6 Kxd6 33. axb6
axb6 34. Bg8 h6 35. Bf7 e3 36. Kxe3 g5 37. h5 Ke5 38. Bg6 c5 39. b5 Kf6 40. Bh7
Ke5 41. Bg8 Kf6 42. Bc4 Ke5 43. Bd3 Kf6 44. Bf1 Ke5 45. Bg2 Kf6 46. Kd3 Ke5 47.
Kc4 g4 48. Bc6 f4 49. Kd3 fxg3 50. Ke3 Kf5 51. Ke2 Kg5 52. Be8 c4 53. Kf1 c3 54.
Bg6 c2 55. Bxc2 Kxh5 56. Kg2 Kh4 57. Bd1 h5 58. Bb3 Kg5 59. Kxg3 h4+ 60. Kg2 Kf4
61. Bd5 Ke3 62. Be6 Kf4 63. Bc8 Kg5 64. Bd7 Kf4 65. Bc8 {Game drawn by mutual
agreement} 1/2-1/2

[Event "Team 45 45 League T51"]
[Site "Internet Chess Club"]
[Date "2012.01.08"]
[Round "8"]
[White "Paulkov"]
[Black "Morovon23"]
[Result "1/2-1/2"]
[WhiteElo "2311"]
[BlackElo "2320"]
[Opening "Alekhine's defense: exchange variation"]
[ECO "B03"]
[Time "15:00:13"]
[TimeControl "2700+45"]

1. e4 Nf6 2. e5 Nd5 3. d4 d6 4. c4 Nb6 5. exd6 exd6 6. Nc3 Be7 7. Bd3 Nc6 8. Be3
O-O 9. b3 Re8 10. Nge2 a5 11. O-O Nb4 12. Qd2 Nxd3 13. Qxd3 g6 14. d5 c6 15.
Rad1 Bf5 16. Qd2 c5 17. Ng3 Bd7 18. Rfe1 f5 19. Bf4 a4 20. Re2 axb3 21. axb3 Nc8
22. Rde1 Bf6 23. Rxe8+ Bxe8 24. Qc2 Kf7 25. h3 Bd7 26. Nge2 Qf8 27. Bd2 Nb6 28.
Nf4 Re8 29. Ne6 Bxe6 30. dxe6+ Rxe6 31. Rxe6 Kxe6 32. Nb5 Qe7 33. Qd3 Kd7 34.
Ba5 Nc8 35. Qd5 Qe4 36. Qf7+ Qe7 37. Qd5 {Game drawn by mutual agreement}
1/2-1/2

[Event "Team 45 45 League T51"]
[Site "Internet Chess Club"]
[Date "2012.01.08"]
[Round "8"]
[White "MikeA"]
[Black "MaartenKoning"]
[Result "1/2-1/2"]
[WhiteElo "2239"]
[BlackElo "2259"]
[Opening "Ruy Lopez: Schliemann defense, Berger variation"]
[ECO "C63"]
[Time "07:12:07"]
[TimeControl "2700+45"]

1. e4 e5 2. Nf3 Nc6 3. Bb5 f5 4. Nc3 fxe4 5. Nxe4 d5 6. Nxe5 dxe4 7. Nxc6 Qg5 8.
Qe2 Nf6 9. Nxa7+ Bd7 10. Bxd7+ Nxd7 11. f4 Qa5 12. Nb5 Bc5 13. Qxe4+ Kd8 14. Qd3
Ra6 15. a4 Qb4 16. g3 Re6+ 17. Kd1 {Game drawn by mutual agreement} 1/2-1/2

[Event "Team 45 45 League T51"]
[Site "Internet Chess Club"]
[Date "2012.01.06"]
[Round "8"]
[White "universe"]
[Black "spacecadet"]
[Result "0-1"]
[WhiteElo "2108"]
[BlackElo "2138"]
[Opening "Sicilian: Najdorf, Opocensky variation"]
[ECO "B92"]
[Time "21:00:07"]
[TimeControl "2700+45"]

1. e4 c5 2. Nf3 d6 3. d4 cxd4 4. Nxd4 Nf6 5. Nc3 a6 6. Be2 e5 7. Nb3 Be7 8. O-O
O-O 9. Be3 Be6 10. f4 exf4 11. Bxf4 Nc6 12. Be3 Rc8 13. Nd4 Ne5 14. Nf5 Rxc3 15.
Nxe7+ Qxe7 16. bxc3 Nxe4 17. Bd4 Rc8 18. Qe1 Qg5 19. Kh1 Bd5 20. Bf3 f5 21. Bxe4
Bxe4 22. Qe2 Ng4 23. h3 Qh4 24. Kg1 Ne5 25. Bxe5 dxe5 26. Qe3 Rc6 27. Rf2 h6 28.
Rd2 Rg6 29. Kh2 Qf6 30. c4 Qc6 31. c5 Bxg2 32. Qxe5 Bxh3 33. Qd5+ Qxd5 34. Rxd5
Bg4 35. Rb1 Bf3 36. Rxf5 Rg2+ 37. Kh3 Bc6 38. Rb2 Kh7 39. Re5 Rd2 40. Kg4 Kg6
41. Re6+ Kf7 42. Re5 Kf6 43. Re3 g5 44. Rb1 Rg2+ 45. Kh3 Rxc2 46. Rf1+ Kg6 47.
Re6+ Kh5 48. Rff6 Rc3+ 49. Kh2 Kg4 50. Rd6 Rc2+ 51. Kg1 Rxc5 52. Rxh6 Kg3 53.
Rd3+ Bf3 54. Rh3+ Kxh3 55. Rxf3+ Kg4 56. Rb3 Rb5 57. Rc3 Rb1+ {White resigns}
0-1

[Event "Team 45 45 League T51"]
[Site "Internet Chess Club"]
[Date "2012.01.06"]
[Round "8"]
[White "Folgers"]
[Black "Campagnolo"]
[Result "1-0"]
[WhiteElo "2225"]
[BlackElo "2060"]
[Opening "Queen's pawn"]
[ECO "A40"]
[Time "21:15:14"]
[TimeControl "2700+45"]

1. d4 c6 2. Bg5 h6 3. Bh4 Qb6 4. b3 d5 5. Nf3 Bf5 6. e3 e6 7. Bd3 Bxd3 8. Qxd3
Be7 9. Bxe7 Nxe7 10. c4 Nd7 11. O-O O-O 12. Nc3 Nf6 13. Ne5 Rfd8 14. Rfc1 Rac8
15. c5 Qc7 16. b4 Nd7 17. Nxd7 Rxd7 18. b5 e5 19. Rab1 e4 20. Qd1 Qb8 21. Qa4 f5
22. bxc6 Rxc6 23. Nb5 Ra6 24. Qb3 f4 25. Nd6 Raxd6 26. cxd6 Qxd6 27. Rc5 b6 28.
Rc2 Nc6 29. Qb5 Na5 30. Rc8+ Kh7 31. exf4 Re7 32. Rbc1 e3 33. Qd3+ Qg6 34. Rh8+
{Black resigns} 1-0

[Event "Team 45 45 League T51"]
[Site "Internet Chess Club"]
[Date "2012.01.07"]
[Round "8"]
[White "rook9999"]
[Black "alaskauk"]
[Result "1-0"]
[WhiteElo "1910"]
[BlackElo "1487"]
[Opening "Caro-Kann: Tartakower (Nimzovich) variation"]
[ECO "B15"]
[Time "12:00:19"]
[TimeControl "2700+45"]

1. e4 c6 2. d4 d5 3. Nc3 dxe4 4. Nxe4 Nf6 5. Nxf6+ exf6 6. Nf3 Be6 7. Bd3 Bd6 8.
O-O Qc7 9. c4 b6 10. Re1 O-O 11. d5 Bg4 12. h3 Bh5 13. Be4 c5 14. Bf4 Nd7 15.
Bxd6 Qxd6 16. Qc2 Bg6 17. Nd2 Rfe8 18. Re3 Re7 19. Rae1 Rae8 20. Bxg6 fxg6 21.
Ne4 Qf4 22. Qe2 f5 23. Nf6+ Nxf6 24. Rxe7 Ra8 25. Qe6+ Kh8 26. d6 h5 27. d7 Ne4
28. Rf1 Nf6 29. Qf7 {Black forfeits on time} 1-0

[Event "Team 45 45 League T51"]
[Site "Internet Chess Club"]
[Date "2012.01.07"]
[Round "8"]
[White "Tjet"]
[Black "Mymas"]
[Result "0-1"]
[WhiteElo "1444"]
[BlackElo "1636"]
[Opening "English: symmetrical variation"]
[ECO "A34"]
[Time "20:07:48"]
[TimeControl "2700+45"]

1. c4 c5 2. Nc3 Nf6 3. e4 Nc6 4. d3 g6 5. g3 Bg7 6. Bg2 O-O 7. Nge2 d6 8. h3 Bd7
9. O-O Qb6 10. Qb3 Qxb3 11. axb3 Nb4 12. Rd1 Nc2 13. Ra2 Bc6 14. Nd5 Nxd5 15.
exd5 Bd7 16. Kh2 Nb4 17. Ra1 a6 18. Rb1 a5 19. d4 Bf5 20. Ra1 Bc2 21. Rd2 Bxb3
22. dxc5 dxc5 23. d6 exd6 24. Bxb7 Ra7 25. Be4 Bxc4 26. Nc3 Bd4 27. Kg2 Re8 28.
Bc2 Re1 29. Ne4 Nxc2 30. Rxc2 Bd3 31. Rd2 Bxe4+ {White resigns} 0-1

[Event "Team 45 45 League T51"]
[Site "Internet Chess Club"]
[Date "2012.01.07"]
[Round "8"]
[White "ausya"]
[Black "monkhammer"]
[Result "1-0"]
[WhiteElo "1537"]
[BlackElo "1363"]
[Opening "Sicilian: Alapin's variation (2.c3)"]
[ECO "B22"]
[Time "10:07:55"]
[TimeControl "2700+45"]

1. e4 c5 2. c3 Nf6 3. e5 Nd5 4. d4 cxd4 5. cxd4 d6 6. Nf3 Nc6 7. Bc4 Nb6 8. Bb3
e6 9. O-O Be7 10. Nc3 O-O 11. a3 f6 12. exd6 Qxd6 13. Ne4 Qc7 14. g3 Nd5 15.
Bxd5 exd5 16. Qb3 Be6 17. Bf4 Qd7 18. Nc3 Rac8 19. Rac1 g5 20. Bd2 g4 21. Nh4
Nxd4 22. Qd1 f5 23. Bh6 Rf7 24. Qxd4 Bc5 25. Qa4 d4 26. Qxd7 Bxd7 27. Nd5 Be6
28. Nf4 Rf6 29. Bg5 {Black resigns} 1-0

[Event "Team 45 45 League T51"]
[Site "Internet Chess Club"]
[Date "2012.01.07"]
[Round "8"]
[White "dpmdpm"]
[Black "baseball613"]
[Result "1-0"]
[WhiteElo "1543"]
[BlackElo "1397"]
[Opening "Caro-Kann: exchange, Rubinstein variation"]
[ECO "B13"]
[Time "13:03:17"]
[TimeControl "2700+45"]

1. e4 c6 2. d4 d5 3. exd5 cxd5 4. Bd3 Nc6 5. c3 Nf6 6. Bf4 Bg4 7. Qb3 Qd7 8. Nd2
e6 9. Ngf3 Be7 10. Ne5 Nxe5 11. dxe5 Ng8 12. Bb5 Rd8 13. Bxd7+ Rxd7 14. O-O Bc5
15. h3 Bf5 16. Be3 Bxe3 17. fxe3 Ne7 18. Rad1 Ng6 19. c4 dxc4 20. Nxc4 Rxd1 21.
Rxd1 O-O 22. Nd6 Ne7 23. Nxf5 Nxf5 24. e4 Ne7 25. Qxb7 Ng6 26. Qc7 h6 27. Rd8 a6
28. Rxf8+ Kxf8 29. Qd8# {Black checkmated} 1-0

[Event "Team 45 45 League T51"]
[Site "Internet Chess Club"]
[Date "2012.01.07"]
[Round "8"]
[White "chesskix"]
[Black "rookmaster23"]
[Result "0-1"]
[WhiteElo "1518"]
[BlackElo "1537"]
[Opening "QGD: Ragozin variation"]
[ECO "D38"]
[Time "11:00:25"]
[TimeControl "2700+45"]

1. Nf3 d5 2. c4 e6 3. d4 Nf6 4. Nc3 Bb4 5. Bd2 O-O 6. c5 b6 7. a3 Bxc3 8. bxc3
bxc5 9. dxc5 Ne4 10. g3 Nxc5 11. Be3 Nbd7 12. Bg2 Ne4 13. Bd4 c5 14. Be3 Nxc3
15. Qd3 Ne4 16. O-O Rb8 17. Bf4 Rb6 18. Rfc1 Re8 19. h4 Nef6 20. Ne5 Nxe5 21.
Bxe5 Nd7 22. Bc3 Ba6 23. Qd2 Qb8 24. e3 Ne5 25. f4 Nc4 26. Qe1 Nd6 27. Be5 Bb7
28. Rxc5 f6 29. Bd4 Nf5 30. Bc3 Rc8 31. Bb4 Rxc5 32. Bxc5 Rb2 33. Qc3 Rxg2+ 34.
Kf1 Nxg3+ {White resigns} 0-1

[Event "Team 45 45 League T51"]
[Site "Internet Chess Club"]
[Date "2012.01.07"]
[Round "8"]
[White "mrmarck"]
[Black "chicopee-ed"]
[Result "0-1"]
[WhiteElo "1310"]
[BlackElo "1352"]
[Opening "Queen's Indian: 4.e3"]
[ECO "E14"]
[Time "13:00:16"]
[TimeControl "2700+45"]

1. d4 Nf6 2. c4 e6 3. Nf3 b6 4. e3 Bb7 5. Be2 Be7 6. O-O O-O 7. Nbd2 Ne4 8. Nxe4
Bxe4 9. Bd3 Bxd3 10. Qxd3 d5 11. cxd5 exd5 12. a3 Nd7 13. Bd2 Nf6 14. Ne5 c5 15.
b3 Qc7 16. Rfc1 Nd7 17. Nf3 Nf6 18. Ra2 Qb7 19. h3 Rfc8 20. Rac2 Bd6 21. Ne5 Ne4
22. Be1 f6 23. f3 fxe5 24. fxe4 cxd4 25. exd4 Bxa3 26. dxe5 Bxc1 {White resigns}
0-1

[Event "Team 45 45 League T51"]
[Site "Internet Chess Club"]
[Date "2012.01.07"]
[Round "8"]
[White "Just-Jim"]
[Black "PT105"]
[Result "1-0"]
[WhiteElo "1376"]
[BlackElo "1248"]
[Opening "Center game"]
[ECO "C22"]
[Time "12:00:07"]
[TimeControl "2700+45"]

1. e4 e5 2. d4 exd4 3. Qxd4 Nc6 4. Qd1 Nf6 5. Bd3 Bc5 6. h3 d5 7. Nc3 dxe4 8.
Bb5 Qxd1+ 9. Nxd1 Bd7 10. Be3 Bxe3 11. Nxe3 O-O-O 12. Ne2 Nb4 13. Bc4 Rhf8 14.
a3 Nc6 15. O-O Ne5 16. Bb3 Bb5 17. Rfe1 Rd2 18. Nc3 Ba6 19. Ned5 Rd8 20. Nxf6
gxf6 21. Nxe4 R2d4 22. Nxf6 Ng6 23. Bxf7 Rd2 24. Be6+ Kb8 25. Bf5 c6 26. Nxh7
Nf4 27. Nf6 Kc7 28. Re4 Ne2+ 29. Kh2 Nd4 30. Rae1 Nxf5 31. Rf4 Nd4 32. Ne8+ Kb6
33. h4 Bc4 34. h5 Ne6 35. Rxc4 Rxe8 36. h6 Rxf2 37. h7 Rff8 38. Rb4+ Kc7 39.
Rbe4 Kd7 40. Rd1+ Kc7 41. Rde1 Kd7 42. Rd1+ Ke7 43. Rde1 Rf6 44. Rh4 Rh8 45.
Ree4 Rf7 46. Rb4 Kd6 47. g3 Rfxh7 48. Rxb7 Rxh4+ 49. gxh4 Rxh4+ 50. Kg3 Ra4 51.
Rb3 Nd4 52. Rd3 Kc5 53. c3 Kc4 54. Rxd4+ Kb3 55. Rxa4 Kxa4 56. Kf4 Kb3 57. Ke4
c5 58. Kd5 c4 59. a4 Kxa4 60. Kxc4 a6 61. b4 a5 62. b5 Ka3 63. b6 Ka2 64. b7 a4
65. b8=Q Ka1 66. Qa8 Kb2 67. Qxa4 Kc1 68. Kd3 Kb1 69. Qb4+ Kc1 70. c4 Kd1 71.
Qb1# {Black checkmated} 1-0

[Event "Team 45 45 League T51"]
[Site "Internet Chess Club"]
[Date "2012.01.05"]
[Round "8"]
[White "oldprez"]
[Black "tryanything"]
[Result "0-1"]
[WhiteElo "1469"]
[BlackElo "1584"]
[Opening "French: exchange variation"]
[ECO "C01"]
[Time "18:00:08"]
[TimeControl "2700+45"]

1. e4 e6 2. d4 d5 3. exd5 exd5 4. Nf3 Nf6 5. Be2 Be7 6. Nc3 O-O 7. O-O Bf5 8.
Nh4 Be6 9. Qd3 Ne4 10. Nxe4 dxe4 11. Qxe4 Bxh4 12. Qxb7 Bd5 13. Qb5 c6 14. Qd3
Nd7 15. c4 Be6 16. d5 cxd5 17. cxd5 Ne5 18. Qe4 Bxd5 19. Qxe5 Re8 20. Qc3 Rxe2
21. Be3 Be6 22. Rfd1 Qf6 23. Qc6 Bxf2+ 24. Bxf2 Qxf2+ 25. Kh1 Rf8 26. Rf1 Qd4
27. Qb5 Rxb2 28. Qg5 Qg4 29. Qxg4 Bxg4 30. Rf4 Be6 31. Ra4 Rfb8 32. h3 R8b7 33.
a3 h5 34. Rd4 Rb1+ 35. Rxb1 Rxb1+ 36. Kh2 g6 37. Rd8+ Kg7 38. Ra8 Rb7 39. a4 Bc4
40. Kg3 a6 41. Rd8 Rb4 42. Rd4 Rxa4 43. Kf4 Rb4 44. g4 hxg4 45. hxg4 a5 46. Ke3
Be6 47. Rxb4 axb4 48. Kd2 b3 49. Kc3 Kf6 {White resigns} 0-1

[Event "Team 45 45 League T51"]
[Site "Internet Chess Club"]
[Date "2012.01.07"]
[Round "8"]
[White "nanning"]
[Black "doublepar"]
[Result "0-1"]
[WhiteElo "1487"]
[BlackElo "1527"]
[Opening "French: Réti (Spielmann) variation"]
[ECO "C00"]
[Time "14:00:33"]
[TimeControl "2700+45"]

1. e4 e6 2. b3 d5 3. Bb2 Nc6 4. exd5 exd5 5. Nf3 Nf6 6. Bb5 Be7 7. O-O O-O 8. h3
a6 9. Be2 Re8 10. d4 Bf5 11. Nbd2 Bd6 12. Nh4 Bxc2 13. Qxc2 Rxe2 14. Qd3 Rxd2
15. Qxd2 Ne4 {White resigns} 0-1

[Event "Team 45 45 League T51"]
[Site "Internet Chess Club"]
[Date "2012.01.09"]
[Round "8"]
[White "radiohead"]
[Black "JohLeb"]
[Result "0-1"]
[WhiteElo "1425"]
[BlackElo "1448"]
[Opening "Sicilian"]
[ECO "B56"]
[Time "21:01:55"]
[TimeControl "2700+45"]

1. e4 c5 2. Nf3 d6 3. d4 cxd4 4. Nxd4 Nf6 5. Nc3 e5 6. Nb3 Nc6 7. Bg5 Be7 8. Be2
O-O 9. Qd2 Be6 10. Bxf6 Bxf6 11. O-O-O Bg5 {White resigns} 0-1

[Event "Team 45 45 League T51"]
[Site "Internet Chess Club"]
[Date "2012.01.08"]
[Round "8"]
[White "jjaillet2007"]
[Black "maliboum"]
[Result "1-0"]
[WhiteElo "1355"]
[BlackElo "1301"]
[Opening "QGD: Albin counter-gambit"]
[ECO "D08"]
[Time "19:00:10"]
[TimeControl "2700+45"]

1. d4 d5 2. c4 e5 3. Nc3 dxc4 4. Nf3 exd4 5. Qxd4 Qxd4 6. Nxd4 c6 7. e4 Nf6 8.
Bxc4 Bb4 9. e5 Ne4 10. Ne2 O-O 11. O-O Nxc3 12. bxc3 Be7 13. f4 Be6 14. Bxe6
fxe6 15. Nd4 Bc5 16. Kh1 Bxd4 17. cxd4 Na6 18. Ba3 Rf7 19. Rab1 Rd8 20. Bd6 g6
21. g4 b6 22. Kg2 Nc7 23. Bxc7 Rxc7 24. Rbd1 Rcd7 25. f5 gxf5 26. gxf5 Rg7+ 27.
Kh1 exf5 28. Rxf5 Rf7 29. Rg5+ Kf8 30. Kg2 Ke7 31. Kg3 Ke6 32. Rg4 Rdd7 33. Rf4
Rxf4 34. Kxf4 c5 35. d5+ Rxd5 36. Rxd5 Kxd5 37. Kf5 c4 38. e6 c3 39. e7 c2 40.
e8=Q Kc4 41. Qe3 b5 42. Qb3+ {Black resigns} 1-0

[Event "Team 45 45 League T51"]
[Site "Internet Chess Club"]
[Date "2012.01.10"]
[Round "8"]
[White "zigzag2002"]
[Black "pudge"]
[Result "1-0"]
[WhiteElo "1774"]
[BlackElo "1473"]
[Opening "Vienna game"]
[ECO "C26"]
[Time "19:06:41"]
[TimeControl "2700+45"]

1. e4 e5 2. Nc3 Nf6 3. Bc4 Bb4 4. Nf3 Bxc3 5. dxc3 Nc6 6. O-O O-O 7. Bg5 h6 8.
Bh4 d6 9. Nd2 Qe7 10. f4 exf4 11. Rxf4 Qe5 12. Qf3 Bg4 13. Bxf6 Bxf3 14. Bxe5
Nxe5 15. gxf3 g6 16. Rh4 Kg7 17. f4 Nd7 18. Rg4 Nf6 19. Rg2 Rfe8 20. Bd3 a6 21.
f5 b5 22. Rf1 c5 23. fxg6 fxg6 24. e5 {Black resigns} 1-0

[Event "Team 45 45 League T51"]
[Site "Internet Chess Club"]
[Date "2012.01.09"]
[Round "8"]
[White "spongenotbob"]
[Black "cys456"]
[Result "0-1"]
[WhiteElo "1624"]
[BlackElo "1695"]
[Opening "Nimzo-Indian: Leningrad variation"]
[ECO "E30"]
[Time "19:01:40"]
[TimeControl "2700+45"]

1. d4 Nf6 2. c4 e6 3. Nc3 Bb4 4. Bg5 h6 5. Bh4 Bxc3+ 6. bxc3 b6 7. Nf3 Ba6 8. e3
Nc6 9. Bd3 Na5 10. Qe2 d5 11. cxd5 Bxd3 12. Qxd3 exd5 13. O-O O-O 14. Ne5 Qd6
15. Bxf6 gxf6 16. Ng4 Kg7 17. Qf5 Qe6 18. Qf4 Rh8 19. Qg3 Rag8 20. f4 Kf8 21. f5
Qe7 22. Qh4 h5 23. Nf2 Nc4 24. Rfe1 Nd2 25. Rad1 Nf3+ {White resigns} 0-1

[Event "Team 45 45 League T51"]
[Site "Internet Chess Club"]
[Date "2012.01.08"]
[Round "8"]
[White "iceface"]
[Black "medsurg"]
[Result "1/2-1/2"]
[WhiteElo "1502"]
[BlackElo "1385"]
[Opening "Four knights: Italian variation"]
[ECO "C47"]
[Time "19:00:32"]
[TimeControl "2700+45"]

1. e4 e5 2. Nf3 Nc6 3. Nc3 Nf6 4. Bc4 Nxe4 5. Nxe4 d5 6. Bxd5 Qxd5 7. Nc3 Qd8 8.
Qe2 Bg4 9. h3 Bh5 10. Qe3 f6 11. O-O Bg6 12. d3 Be7 13. Qe2 a6 14. a3 O-O 15.
Bd2 Re8 16. Qd1 Qd7 17. Re1 Rad8 18. Nh4 Bc5 19. Nxg6 hxg6 20. Be3 Nd4 21. Ne2
Qb5 22. Rb1 Nxe2+ 23. Qxe2 Kf7 24. Bxc5 Qxc5 25. Rec1 Qd5 26. Re1 a5 27. Qe4
Qxe4 28. Rxe4 Rd4 29. Rbe1 Red8 30. Rxd4 Rxd4 31. Re4 Ke6 32. Kf1 f5 33. Rxd4
exd4 34. Ke2 c5 35. Kd2 b5 36. c3 Kd5 37. f3 c4 38. h4 cxd3 39. Kxd3 dxc3 40.
bxc3 Ke5 41. g3 Kd5 42. f4 Kc5 {Game drawn by mutual agreement} 1/2-1/2

[Event "Team 45 45 League T51"]
[Site "Internet Chess Club"]
[Date "2012.01.08"]
[Round "8"]
[White "tworivers"]
[Black "Joeohio"]
[Result "1-0"]
[WhiteElo "1482"]
[BlackElo "1447"]
[Opening "Queen's pawn, Mason variation"]
[ECO "D00"]
[Time "18:33:24"]
[TimeControl "2700+45"]

1. d4 d5 2. Bf4 e6 3. e3 c5 4. c3 Nc6 5. Nf3 Nf6 6. h3 Be7 7. Nbd2 Bd7 8. Ne5
Qb6 9. Qc2 Rc8 10. Ndf3 O-O 11. Nxd7 Nxd7 12. Bd3 h6 13. Qb3 Qd8 14. Bb5 c4 15.
Qc2 a6 16. Bxc6 Rxc6 17. O-O Nf6 18. Nd2 b5 19. e4 a5 20. a3 a4 21. Rfe1 Ne8 22.
Nf3 Nd6 23. e5 Nb7 24. Qe2 Na5 25. Nd2 Qb6 26. Qg4 Kh8 27. Re3 Nb3 28. Rg3 Rg8
29. Bxh6 Bf8 30. Bg5 g6 31. Qh4+ Kg7 32. Qh6# {Black checkmated} 1-0